 Dungeon Crawl Stone Soup version 0.20.1-1-g8b1a95d (webtiles) character file.

3 tidbits the Insei (level 1, 0/15 HPs)
             Began as a Demigod Transmuter on Aug 11, 2017.
             Slain by an adder (3 damage)
             ... on level 2 of the Dungeon.
             The game lasted 00:00:50 (102 turns).

tidbits the Insei (Demigod Transmuter)               Turns: 102, Time: 00:00:51

Health: 0/15       AC:  2    Str: 13    XL:     1   Next: 33%
Magic:  4/5        EV: 12    Int: 17    God:
Gold:   15         SH:  0    Dex: 16    Spells: 2/3 levels left

rFire    . . .     SeeInvis .     - Unarmed
rCold    . . .     Gourm    .   (no shield)
rNeg     . . .     Faith    .   b - +0 robe
rPois    .         Spirit   .   (no helmet)
rElec    .         Reflect  .   (no cloak)
rCorr    .         Harm     .   (no gloves)
MR       .....                  (boots currently unavailable)
Stlth    +.........             (no amulet)
Regen    0.1/turn               (no ring)
MPRegen  0.1/turn               (no ring)

@: lethally poisoned (0 -> -8), appendage
A: talons 3, high mp 1
a: End Transformation


You were on level 2 of the Dungeon.
You were not hungry.
You had grown temporary talons.
You visited 1 branch of the dungeon, and saw 2 of its levels.

You collected 15 gold pieces.

Inventory:

Missiles
 a - 12 arrows
 f - 18 bolts
Armour
 b - a +0 robe (worn)
Scrolls
 e - a scroll of blinking {unknown}
 h - a scroll of amnesia {unknown}
Books
 c - a book of Changes

   Spells                             Type                      Level
   a - Beastly Appendage              Transmutation                1
   b - Sticks to Snakes               Transmutation                2
   c - Spider Form                    Transmutation/Poison         3
   d - Ice Form                       Ice/Transmutation            4
   e - Blade Hands                    Transmutation                5
Comestibles
 d - a bread ration
 g - a fruit


   Skills:
 - Level 0.8 Fighting
 - Level 1.7 Dodging
 + Level 2.9 Unarmed Combat
 - Level 1.7 Spellcasting
 - Level 1.7 Transmutations


You had 2 spell levels left.
You knew the following spells:

 Your Spells              Type           Power        Failure   Level  Hunger
e - Beastly Appendage     Tmut           #.....       10%         1    #......


Dungeon Overview and Level Annotations

Branches:
Dungeon (2/15)


Innate Abilities, Weirdness & Mutations

You have an increased reservoir of magic. (+10% MP)
You have claws for feet.


Message History

Welcome, tidbits the Demigod Transmuter.
It is said that the Orb of Zot exists deep within this dungeon.
Press ? for a list of commands and other information.
Found a staircase leading out of the dungeon.
There is a fountain of clear blue water here.
You open the door.
There is an open door here.
Found a scroll labeled VULUSO ESTROLIS.
e - a scroll labeled VULUSO ESTROLIS
Found 12 gold pieces.
You now have 12 gold pieces.
Found 18 bolts.
Found an escape hatch in the floor.
A giant cockroach comes into view.
The giant cockroach moves out of view.
Found a fruit.
You hit the giant cockroach.
The giant cockroach is almost dead.
The giant cockroach closely misses you.
You hit the giant cockroach.
You kill the giant cockroach!
You see here 18 bolts.
f - 18 bolts
Found 3 gold pieces.
Found a stone staircase leading down.
g - a fruit A leopard gecko comes into view.
The leopard gecko hisses angrily.
Casting: Beastly Appendage
Confirm with . or Enter, or press ? or * to list all spells.
Your feet morph into talons.
You hit the leopard gecko.
The leopard gecko is almost dead.
The leopard gecko bites you but does no damage.
You barely miss the leopard gecko. You punch the leopard gecko.
You kill the leopard gecko!
You now have 15 gold pieces (gained 3).
You see here a leopard gecko corpse.
Your transformation is almost over.
Your talons disappear.
There is a stone staircase leading down here.
There is a stone staircase leading down here.
You climb downwards.
There is a stone staircase leading up here.
Found a scroll labeled QEICAY AJOCH.
h - a scroll labeled QEICAY AJOCH You open the door.
An adder comes into view.
The adder hisses angrily.
Casting: Beastly Appendage
Confirm with . or Enter, or press ? or * to list all spells.
Your feet morph into talons.
There is an open door here.
You miss the adder. The adder bites you.
You barely miss the adder. You claw the adder, but do no damage.
The adder bites you.
You are lethally poisoned!
The adder poisons you! The adder bites you.
* * * LOW HITPOINT WARNING * * *
You aren't carrying any potions.
You closely miss the adder. Your kick misses the adder.
* * * LOW HITPOINT WARNING * * *
You feel sick. The adder completely misses you.
You closely miss the adder. Your kick misses the adder.
* * * LOW HITPOINT WARNING * * *
You feel sick. The adder closely misses you.
You hit the adder. You claw the adder.
The adder is heavily wounded.
The adder bites you.
You die...

######### #.......#
#.# #.#
#+######.#####.######
.......#............#
.......#######.###.##
......S@.......# #.#
.......######### #.#
....... #####.##
####### #......#
#.###### #.# #.# #<#
###


You could see an adder.

Vanquished Creatures
  A leopard gecko (D:1)
  A giant cockroach (D:1)
2 creatures vanquished.

Notes
Turn   | Place    | Note
-------+----------+-------------------------------------------
     0 | D:1      | tidbits the Demigod Transmuter began the quest for the Orb.
     0 | D:1      | Reached XP level 1. HP: 15/15 MP: 5/5
   102 | D:2      | Slain by an adder

Action                   || total
-------------------------++-------
Melee: Unarmed           ||     9
       Kick              ||     2
       Punch             ||     1
 Cast: Beastly Appendage ||     2
Armor: Robe              ||     1
Dodge: Dodged            ||     3

Table legend:
 A = Turns spent in this place as a percentage of turns spent in the entire game.
 B = Non-inter-level travel turns spent in this place as a percentage of non-inter-level travel turns spent in the entire game.
 C = Inter-level travel turns spent in this place as a percentage of turns spent in this place.
 D = Turns resting spent in this place as a percentage of non-inter-level travel turns spent in this place.
 E = Turns spent auto-exploring this place as a percentage of non-inter-level travel turns spent in this place.
 F = Non-inter-level travel turns spent in this place divided by the number of levels of this place that you've seen.
                   A       B       C       D       E      F
               +-------+-------+-------+-------+-------+----------------------
         Total | 100.0 | 100.0 |   0.0 |   0.0 |   0.0 |  47.5
       Dungeon | 100.0 | 100.0 |   0.0 |   0.0 |   0.0 |  47.5
               +-------+-------+-------+-------+-------+----------------------

Table legend:
 A = Kills in this place as a percentage of kills in entire the game.
 B = Kills by you in this place as a percentage of kills by you in the entire game.
 C = Kills by friends in this place as a percentage of kills by friends in the entire game.
 D = Other kills in this place as a percentage of other kills in the entire game.
 E = Experience gained in this place as a percentage of experience gained in the entire game.
 F = Experience gained in this place divided by the number of levels of this place that you have seen.
                   A       B       C       D       E      F
               +-------+-------+-------+-------+-------+----------------------
         Total | 100.0 | 100.0 |  -nan |  -nan | 100.0 |   2.5
       Dungeon | 100.0 | 100.0 |  -nan |  -nan | 100.0 |   2.5
               +-------+-------+-------+-------+-------+----------------------

Vault maps used:
D:1:      grunt_arrival_crossed_arrows, minmay_octomino_c4
D:2:      first_bread, uniq_crazy_yiuf_cottage
